 Dungeon Sprint DCSS version 0.30-a0-1043-g60ff8d5f49 (webtiles) character file.

Game seed: 11783209093851796497

10100000 Danienth the Conqueror (level 27, -6/323 HPs)
             Began as a Demonspawn Monk on Apr 9, 2023.
             Was the Champion of Makhleb.
             Mangled by The Servant
             ... wielding a +9 glaive of flaming
              (47 damage)
             ... in the Dungeon (Sprint VIII: "Arena of Blood").
             The game lasted 00:14:51 (101 turns).

Danienth the Conqueror (Demonspawn Monk)             Turns: 101, Time: 00:14:52

Health: -6/323     AC:  8    Str: 19    XL:     27
Magic:  28/53      EV: 34    Int: 13    God:    Makhleb [******]
Gold:   0          SH:  0    Dex: 21    Spells: 79/79 levels left

rFire   . . .      SeeInvis .    i - +∞ Axe of Woe
rCold   + . .      Faith    .    (shield currently unavailable)
rNeg    . . .      Spirit   .    a - +0 robe
rPois   .          Reflect  .    (no helmet)
rElec   .          Rampage  .    (no cloak)
rCorr   .          NoTele   +    (gloves unavailable)
Will    ++...                    (no boots)
Stlth   ++++++++++               (no amulet)
HPRegen 11.73/turn               j - +30 ring of slaying
MPRegen 0.33/turn                e - +250 ring of slaying

@: on berserk cooldown
A: icy blue scales 3, powered by death 3, robust 3, spiny 3, demonic touch 3
a: Renounce Religion, Minor Destruction, Lesser Servant of Makhleb, Major
Destruction, Greater Servant of Makhleb


You were in the Dungeon.
You worshipped Makhleb.
Makhleb was exalted by your worship.
You visited 1 branch

Inventory:

Hand Weapons
 i - the +∞ Axe of Woe (weapon)
   (You found it in the Dungeon)
Armour
 a - a +0 robe (worn)
Jewellery
 d - a +200 ring of slaying
 e - a +250 ring of slaying (right hand)
 j - a +30 ring of slaying (left hand)
 k - a +30 ring of slaying
 l - a +30 ring of slaying
Scrolls
 h - a scroll of blinking
Potions
 b - a potion of ambrosia
 c - a potion of curing
 f - 2 potions of magic


   Skills:
 O Level 27 Fighting
 O Level 27 Short Blades
 O Level 27 Long Blades
 O Level 27 Axes
 O Level 27 Maces & Flails
 O Level 27 Polearms
 O Level 27 Staves
 O Level 27 Ranged Weapons
 + Level 26.7 Throwing
 + Level 26.4 Armour
 O Level 27 Dodging
 O Level 27 Stealth
 O Level 27 Shields
 O Level 27 Unarmed Combat
 + Level 26.6 Spellcasting
 O Level 27 Conjurations
 O Level 27 Hexes
 O Level 27 Summonings
 O Level 27 Necromancy
 O Level 27 Translocations
 O Level 27 Transmutations
 O Level 27 Fire Magic
 O Level 27 Ice Magic
 O Level 27 Air Magic
 O Level 27 Earth Magic
 O Level 27 Poison Magic
 O Level 27 Invocations
 O Level 27 Evocations


You had 79 spell levels left.
You didn't know any spells.
Your spell library was empty.

Dungeon Overview and Level Annotations

Branches:
Dungeon (1/1)

Altars:
Makhleb

Annotations:
D The Servant


Innate Abilities, Weirdness & Mutations

You are completely covered in icy blue scales. (AC +4, rC+)
You regenerate a lot of health from kills.
You are extremely robust. (+30% HP)
You are completely covered in sharp spines.
Your touch may irresistibly damage your foes and sap their willpower.


Message History

You hear a shout!
The Servant hits you from afar with a +9 glaive of flaming!!!!
The Servant burns you!!
A bag of meat comes into view. It is wielding a +9 war axe.
You hear a shout!
You feel something staring at you.
A bolt of fire appears from out of thin air!
Deactivating autopickup; reactivate with Ctrl-A.
The bolt of fire hits you!!!!
* * * LOW HITPOINT WARNING * * *
You hear a shout!
You have mastered Ranged Weapons!
Your Throwing skill gained 3 levels and is now at level 26!
Your Armour skill gained 3 levels and is now at level 26!
You have mastered Shields!
Your Spellcasting skill gained 3 levels and is now at level 26!
You have mastered Conjurations!
You have mastered Hexes!
You have mastered Summonings!
You have mastered Translocations!
You have mastered Transmutations!
You have mastered Fire Magic!
You have mastered Ice Magic!
You have mastered Air Magic!
You have mastered Earth Magic!
Blink to where?
Press: ? - help, Dir - move target
Okay, then.
You remove your +30 ring of slaying.
You hear a shout! x2
The accursed gestures at you while chanting.
Something smites you!
* * * LOW HITPOINT WARNING * * *
You hear a shout!
e - a +250 ring of slaying (right hand)
You feel something staring at you. Something smites you!
* * * LOW HITPOINT WARNING * * *
You feel something staring at you. Something smites you!
* * * LOW HITPOINT WARNING * * *
A bag of meat comes into view. It is wielding a +9 war axe.
You hear a shout!
The Servant hits you from afar with a +9 glaive of flaming!!!
You die...

..o. ..o.. ..
#.o. .# . #.M.
..# ..###.D.
..###.
.......###......
....).)O_..V..O
#)@)..# #_oO@_#
#{))..#
#...°.))._...M..
.O......###......
...###... ..###.
.. #... ..# #...o
.# ..... ..


You could see 2 accurseds, The Servant, an eight-headed meat hydra (wandering),
a destroyer, 3 meat berserkers and 4 bags of meat.

Vanquished Creatures
  11 hell beasts (D)
  A royal mummy (D)
  A great orb of eyes (D)
  A wraith (D)
  10 vampire knights (D)
  28 ogres (D)
  5 two-headed ogres (D)
  4 liches (D)
  2 phantoms (D)
  43 orcs (D)
  3 skeletal warriors (D)
109 creatures vanquished.

Vanquished Creatures (others)
  A two-headed ogre (D)
  A hydra (D)
  An orc (D)
3 creatures vanquished.

Grand Total: 112 creatures vanquished

Notes
Turn   | Place    | Note
-------+----------+-------------------------------------------
     0 | D        | Found the +∞ Axe of Woe
     0 | D        | Danienth the Demonspawn Monk began the quest for the Orb.
     0 | D        | Reached XP level 1. HP: 18/18 MP: 1/1
     1 | D        | Noticed a meat berserker
     3 | D        | Became a worshipper of Makhleb the Destroyer
     3 | D        | Reached * piety under Makhleb
     3 | D        | Reached ** piety under Makhleb
     5 | D        | Noticed a meat berserker
     8 | D        | Noticed a bag of meat
    10 | D        | Killed a meat berserker
    10 | D        | Noticed a bag of meat
    11 | D        | Reached skill level 15 in Dodging
    11 | D        | Reached skill level 15 in Unarmed Combat
    11 | D        | Gained mutation: You are partially covered in sharp spines.
                  | [demonic ancestry]
    11 | D        | Reached XP level 2. HP: 47/47 MP: 2/2
    11 | D        | Reached XP level 3. HP: 53/53 MP: 3/3
    11 | D        | Reached XP level 4. HP: 60/60 MP: 4/4
    11 | D        | Reached XP level 5. HP: 67/67 MP: 5/5
    11 | D        | Gained mutation: You are partially covered in icy blue
                  | scales. (AC +2) [demonic ancestry]
    11 | D        | Reached XP level 6. HP: 74/74 MP: 6/6
    11 | D        | Gained mutation: You regenerate a little health from kills.
                  | [demonic ancestry]
    11 | D        | Reached XP level 7. HP: 80/80 MP: 7/7
    11 | D        | Gained mutation: You regenerate health from kills. [demonic
                  | ancestry]
    11 | D        | Reached XP level 8. HP: 87/87 MP: 8/8
    11 | D        | Gained mutation: Your touch may inflict minor irresistible
                  | damage on your foes. [demonic ancestry]
    11 | D        | Reached XP level 9. HP: 93/93 MP: 9/9
    11 | D        | Gained mutation: You are mostly covered in icy blue scales.
                  | (AC +3) [demonic ancestry]
    11 | D        | Reached XP level 10. HP: 101/101 MP: 10/10
    11 | D        | Gained mutation: You are mostly covered in sharp spines.
                  | [demonic ancestry]
    11 | D        | Reached XP level 11. HP: 107/107 MP: 11/11
    11 | D        | Killed a bag of meat
    12 | D        | Reached XP level 12. HP: 117/117 MP: 12/12
    13 | D        | Noticed a bag of meat
    13 | D        | Noticed a meat berserker
    14 | D        | Noticed a meat berserker
    14 | D        | Noticed a bag of meat
    14 | D        | Noticed a bag of meat
    15 | D        | Killed a bag of meat
    15 | D        | Noticed a bag of meat
    15 | D        | Noticed a bag of meat
    16 | D        | Reached XP level 13. HP: 126/126 MP: 13/13
    16 | D        | Killed a meat berserker
    16 | D        | Reached *** piety under Makhleb
    17 | D        | Killed a meat berserker
    17 | D        | Killed a meat berserker
    17 | D        | Noticed a bag of meat
    18 | D        | Gained mutation: You are robust. (+10% HP) [demonic
                  | ancestry]
    18 | D        | Reached XP level 14. HP: 136/159 MP: 14/14
    18 | D        | Noticed a large bag of meat
    18 | D        | Noticed a bag of meat
    19 | D        | Noticed a bag of meat
    19 | D        | Noticed a meat berserker
    20 | D        | Killed a bag of meat
    20 | D        | Reached **** piety under Makhleb
    20 | D        | Killed a bag of meat
    20 | D        | Noticed a bag of meat
    20 | D        | Noticed a large bag of meat
    21 | D        | Gained mutation: Your touch may inflict irresistible damage
                  | on your foes. [demonic ancestry]
    21 | D        | Reached XP level 15. HP: 166/169 MP: 15/15
    22 | D        | Reached skill level 15 in Axes
    22 | D        | Noticed a meat berserker
    22 | D        | Noticed a large bag of meat
    23 | D        | Reached ***** piety under Makhleb
    23 | D        | Noticed a destroyer
    24 | D        | Killed a meat berserker
    25 | D        | Reached skill level 27 in Fighting
    25 | D        | Reached XP level 16. HP: 135/183 MP: 16/16
    25 | D        | Noticed an eight-headed meat hydra
    26 | D        | Killed a destroyer
    26 | D        | Noticed a meat berserker
    27 | D        | Reached skill level 27 in Dodging
    27 | D        | Reached skill level 10 in Stealth
    27 | D        | Killed a meat berserker
    27 | D        | Killed a large bag of meat
    27 | D        | Killed a large bag of meat
    27 | D        | Noticed a meat berserker
    28 | D        | Reached skill level 27 in Axes
    28 | D        | Reached skill level 15 in Stealth
    28 | D        | Reached skill level 27 in Unarmed Combat
    28 | D        | Reached XP level 17. HP: 69/191 MP: 17/17
    29 | D        | Reached ****** piety under Makhleb
    29 | D        | Noticed a destroyer
    32 | D        | Killed a meat berserker
    33 | D        | Gained mutation: Your touch may irresistibly damage your
                  | foes and sap their willpower. [demonic ancestry]
    33 | D        | Reached XP level 18. HP: 136/200 MP: 18/18
    34 | D        | Noticed a large bag of meat
    35 | D        | Noticed a meat berserker
    35 | D        | Noticed a meat berserker
    38 | D        | Noticed a sculptor of flesh
    39 | D        | Reached skill level 27 in Stealth
    39 | D        | Killed a destroyer
    39 | D        | Killed a meat berserker
    42 | D        | Reached skill level 5 in Poison Magic
    42 | D        | Reached skill level 5 in Evocations
    42 | D        | Gained mutation: You regenerate a lot of health from kills.
                  | [demonic ancestry]
    42 | D        | Reached XP level 19. HP: 206/207 MP: 18/24
    44 | D        | Killed a meat berserker
    44 | D        | Noticed a large bag of meat
    45 | D        | Reached skill level 5 in Necromancy
    47 | D        | Noticed a tyrant
    47 | D        | Killed a tyrant
    47 | D        | Noticed a meat berserker
    47 | D        | Noticed a meat berserker
    47 | D        | Noticed a destroyer
    48 | D        | Killed a large bag of meat
    48 | D        | Noticed a meat berserker
    50 | D        | Reached skill level 10 in Short Blades
    50 | D        | Reached skill level 10 in Long Blades
    50 | D        | Reached skill level 10 in Maces & Flails
    50 | D        | Reached skill level 10 in Polearms
    50 | D        | Reached skill level 10 in Staves
    50 | D        | Killed a meat berserker
    51 | D        | Reached skill level 5 in Fire Magic
    51 | D        | Reached skill level 5 in Ice Magic
    51 | D        | Reached skill level 5 in Air Magic
    51 | D        | Reached skill level 5 in Earth Magic
    51 | D        | Noticed an accursed
    52 | D        | Noticed a destroyer
    54 | D        | Killed a meat berserker
    55 | D        | Noticed a tyrant
    56 | D        | Killed a meat berserker
    56 | D        | Killed a meat berserker
    56 | D        | Noticed a meat beast
    56 | D        | Noticed a destroyer
    57 | D        | Reached skill level 5 in Translocations
    57 | D        | Reached skill level 5 in Transmutations
    58 | D        | Killed a meat beast
    59 | D        | Gained mutation: You are very robust. (+20% HP) [demonic
                  | ancestry]
    59 | D        | Reached XP level 20. HP: 236/236 MP: 19/26
    61 | D        | Killed a large bag of meat
    62 | D        | Killed a destroyer
    63 | D        | Reached XP level 21. HP: 244/244 MP: 20/28
    63 | D        | Killed a tyrant
    63 | D        | Killed a destroyer
    64 | D        | Reached skill level 10 in Invocations
    64 | D        | Killed a destroyer
    66 | D        | Killed an accursed
    66 | D        | Noticed a destroyer
    67 | D        | Reached XP level 22. HP: 178/254 MP: 20/30
    67 | D        | Noticed a meat beast
    67 | D        | Killed a large bag of meat
    68 | D        | Noticed a meat beast
    68 | D        | Noticed a large bag of meat
    70 | D        | Noticed a meat beast
    71 | D        | Killed a meat beast
    71 | D        | Noticed a destroyer
    72 | D        | Killed a meat beast
    72 | D        | Noticed a tyrant
    73 | D        | Reached skill level 27 in Short Blades
    73 | D        | Reached skill level 27 in Long Blades
    73 | D        | Reached skill level 27 in Maces & Flails
    73 | D        | Reached skill level 27 in Polearms
    73 | D        | Reached skill level 27 in Staves
    73 | D        | Reached skill level 10 in Translocations
    73 | D        | Reached skill level 10 in Transmutations
    73 | D        | Reached skill level 10 in Ice Magic
    73 | D        | Reached skill level 15 in Invocations
    73 | D        | Gained mutation: You are completely covered in icy blue
                  | scales. (AC +4, rC+) [demonic ancestry]
    73 | D        | Reached XP level 23. HP: 211/262 MP: 21/34
    73 | D        | Killed a destroyer
    73 | D        | Killed a destroyer
    75 | D        | Noticed The Servant
    76 | D        | Reached skill level 15 in Necromancy
    76 | D        | Noticed a meat beast
    77 | D        | Gained mutation: You are extremely robust. (+30% HP)
                  | [demonic ancestry]
    77 | D        | Reached XP level 24. HP: 242/295 MP: 22/36
    77 | D        | Killed a meat beast
    77 | D        | Killed a large bag of meat
    78 | D        | Reached skill level 15 in Translocations
    78 | D        | Reached skill level 15 in Transmutations
    78 | D        | Reached skill level 15 in Fire Magic
    78 | D        | Reached skill level 15 in Ice Magic
    78 | D        | Reached skill level 15 in Air Magic
    78 | D        | Reached skill level 15 in Earth Magic
    79 | D        | Noticed a tyrant
    80 | D        | Noticed a meat beast
    82 | D        | Reached XP level 25. HP: 300/304 MP: 23/39
    82 | D        | Killed a meat beast
    82 | D        | Noticed a meat beast
    82 | D        | Noticed a dread
    83 | D        | Reached skill level 15 in Ranged Weapons
    83 | D        | Reached skill level 15 in Conjurations
    83 | D        | Reached skill level 15 in Hexes
    83 | D        | Reached skill level 15 in Summonings
    85 | D        | Killed a meat beast
    85 | D        | Noticed a meat beast
    85 | D        | Noticed a large bag of meat
    86 | D        | Reached skill level 27 in Invocations
    86 | D        | Reached XP level 26. HP: 288/314 MP: 24/43
    87 | D        | Killed a meat beast
    88 | D        | Gained mutation: You are completely covered in sharp
                  | spines. [demonic ancestry]
    88 | D        | Reached XP level 27. HP: 312/323 MP: 25/45
    88 | D        | Noticed a meat beast
    89 | D        | Noticed a destroyer
    89 | D        | Killed a tyrant
    89 | D        | Killed a meat beast
    89 | D        | Killed a tyrant
    89 | D        | Noticed a destroyer
    91 | D        | Killed a destroyer
    92 | D        | Killed a meat beast
    92 | D        | Noticed a destroyer
    93 | D        | Reached skill level 27 in Necromancy
    94 | D        | Noticed an accursed
    95 | D        | Killed a destroyer
    95 | D        | Noticed a meat beast
    95 | D        | Noticed a meat beast
    95 | D        | Noticed a destroyer
    96 | D        | Noticed an accursed
    97 | D        | Killed a meat beast
    98 | D        | Reached skill level 27 in Poison Magic
    98 | D        | Reached skill level 27 in Evocations
    98 | D        | Killed a dread
    99 | D        | Killed a meat beast
    99 | D        | Killed a destroyer
   100 | D        | Reached skill level 27 in Ranged Weapons
   100 | D        | Reached skill level 27 in Shields
   100 | D        | Reached skill level 27 in Conjurations
   100 | D        | Reached skill level 27 in Hexes
   100 | D        | Reached skill level 27 in Summonings
   100 | D        | Reached skill level 27 in Translocations
   100 | D        | Reached skill level 27 in Transmutations
   100 | D        | Reached skill level 27 in Fire Magic
   100 | D        | Reached skill level 27 in Ice Magic
   100 | D        | Reached skill level 27 in Air Magic
   100 | D        | Reached skill level 27 in Earth Magic
   101 | D        | Mangled by The Servant

Illustrated notes

Levels and vault maps discovered:
D:        meatsprint

Skill      XL: |  1  2  3  4  5  6  7  8  9 10 11 12 13 14 15 16 17 18 19 20 21 22 23 24 25 26 27 |
---------------+----------------------------------------------------------------------------------+-----
Fighting       | 17 18 19 24 25 27 | 27.0
Axes           | 3 4 6 12 14 18 27 | 27.0
Dodging        | 15 17 18 22 23 25 27 | 27.0
Stealth        | 6 7 8 9 15 23 27 | 27.0
Unarmed Combat | 15 17 20 22 27 | 27.0
Short Blades   | 6 18 20 23 27 | 27.0
Long Blades    | 6 18 20 23 27 | 27.0
Maces & Flails | 6 18 20 23 27 | 27.0
Polearms       | 6 18 20 23 27 | 27.0
Staves         | 6 18 20 23 27 | 27.0
Ranged Weapons | 3 9 13 18 19 27 | 27.0
Throwing       | 3 8 12 16 18 26 | 26.7
Armour         | 3 8 12 16 18 26 | 26.4
Shields        | 3 8 12 16 18 27 | 27.0
Spellcasting   | 3 8 12 16 18 26 | 26.6
Conjurations   | 4 9 13 18 19 27 | 27.0
Hexes          | 4 9 13 18 20 27 | 27.0
Summonings     | 4 9 13 18 19 27 | 27.0
Necromancy     | 4 7 8 12 15 18 22 23 27 | 27.0
Translocations | 4 5 6 7 10 13 16 20 21 27 | 27.0
Transmutations | 4 5 6 7 10 13 16 20 21 27 | 27.0
Fire Magic     | 4 6 7 11 13 16 20 21 27 | 27.0
Ice Magic      | 4 6 7 10 13 16 20 21 27 | 27.0
Air Magic      | 4 6 7 11 13 16 20 21 27 | 27.0
Earth Magic    | 4 6 7 11 13 16 20 21 27 | 27.0
Poison Magic   | 5 6 7 8 11 14 17 21 23 27 | 27.0
Invocations    | 6 9 10 15 18 22 27 | 27.0
Evocations     | 5 6 7 8 11 14 18 21 23 27 | 27.0

Action                     |  1- 3 |  4- 6 |  7- 9 | 10-12 | 13-15 | 16-18 | 19-21 | 22-24 | 25-27 || total
---------------------------+-------+-------+-------+-------+-------+-------+-------+-------+-------++-------
  Melee: Executioner's axe |     1 |       |       |     2 |     6 |    11 |    15 |    12 |    18 ||    65
    Use: Potion            |       |       |       |       |       |     2 |     1 |       |       ||     3
 Armour: Robe              |       |       |       |       |       |       |       |     1 |     2 ||     3
  Dodge: Dodged            |       |       |       |       |       |       |       |     1 |     5 ||     6

Table legend: (Time is in decaauts)
 A = Elapsed time spent in this place.
 B = Non-inter-level travel time spent in this place.
 C = Inter-level travel time spent in this place.
 D = Time resting spent in this place.
 E = Time spent auto-exploring this place.
 F = Levels seen in this place.
 G = Mean time per level.
                   A        B        C        D        E       F      G
               +--------+--------+--------+--------+--------+-----+--------+
         Total |     79 |     79 |      0 |      0 |      0 |   1 |   79.0 |
       Dungeon |     79 |     79 |      0 |      0 |      0 |   1 |   79.0 |
               +--------+--------+--------+--------+--------+-----+--------+

Top non-repeatable levels by time:
       D: 79 daAuts
